 Dungeon Crawl Stone Soup version 0.21-a0-584-g185da8e (webtiles) character file.

102 tidbits the Digger (level 4, -1/32 HPs)
             Began as a Gnoll Earth Elementalist on Dec 21, 2017.
             Slain by Grinder (4 damage)
             ... on level 3 of the Dungeon.
             The game lasted 00:08:53 (864 turns).

tidbits the Digger (Gnoll Earth Elementalist)        Turns: 864, Time: 00:08:53

Health: -1/32      AC:  3    Str: 15    XL:     4   Next: 78%
Magic:  7/11       EV: 15    Int: 18    God:
Gold:   144        SH:  0    Dex: 16    Spells: 10/13 levels left

rFire    + . .     SeeInvis .   a - +0 dagger
rCold    . . .     Gourm    .   (no shield)
rNeg     . . .     Faith    .   c - +0 robe
rPois    +         Spirit   .   n - +0 helmet
rElec    .         Reflect  .   (no cloak)
rCorr    .         Harm     .   (no gloves)
MR       .....                  (no boots)
Stlth    +++.......             (no amulet)
HPRegen  0.10/turn              f - ring of protection from fire
MPRegen  0.12/turn              P - ring of poison resistance

@: mighty
A: distributed training, fangs 1, strong nose
a: no special abilities


You were on level 3 of the Dungeon.
You were not hungry.

You visited 1 branch of the dungeon, and saw 4 of its levels.

You collected 144 gold pieces.

Inventory:

Hand Weapons
 a - a +0 dagger (weapon)
 i - a +0 hunting sling
 k - a +0 short sword
 m - a +0 hunting sling
Missiles
 b - 189 stones (quivered)
 g - 12 tomahawks
 q - 26 arrows
Armour
 c - a +0 robe (worn)
 n - a +0 helmet (worn)
Jewellery
 f - a ring of protection from fire (left hand)
   (You found it on level 1 of the Dungeon)
 P - a ring of poison resistance (right hand)
   (You found it on level 3 of the Dungeon)
Scrolls
 h - 2 scrolls of enchant armour {unknown}
 j - a scroll of enchant weapon {unknown}
 l - a scroll of magic mapping
 r - 6 scrolls of remove curse
 s - a scroll of blinking {unknown}
Books
 e - a book of Geomancy

   Spells                             Type                      Level
   a - Sandblast                      Earth                        1
   b - Passwall                       Transmutation/Earth          2
   c - Stone Arrow                    Conjuration/Earth            3
   d - Petrify                        Transmutation/Earth          4
   e - Lee's Rapid Deconstruction     Earth                        5
Comestibles
 d - 8 rations


   Skills:
 + Level 1.2 Fighting
 + Level 1.2 Short Blades
 + Level 1.2 Long Blades
 + Level 1.2 Axes
 + Level 1.2 Maces & Flails
 + Level 1.2 Polearms
 + Level 1.2 Staves
 + Level 1.2 Slings
 + Level 1.2 Bows
 + Level 1.2 Crossbows
 + Level 1.2 Throwing
 + Level 1.2 Armour
 + Level 4.7 Dodging
 + Level 4.3 Stealth
 + Level 1.2 Shields
 + Level 1.2 Unarmed Combat
 + Level 5.1 Spellcasting
 + Level 1.0 Conjurations
 + Level 1.0 Hexes
 + Level 1.0 Charms
 + Level 1.0 Summonings
 + Level 1.0 Necromancy
 + Level 1.0 Translocations
 + Level 2.3 Transmutations
 + Level 1.0 Fire Magic
 + Level 1.0 Ice Magic
 + Level 1.0 Air Magic
 + Level 5.5 Earth Magic
 + Level 1.0 Poison Magic
 + Level 1.3 Invocations
 + Level 1.2 Evocations


You had 10 spell levels left.
You knew the following spells:

 Your Spells              Type           Power        Failure   Level  Hunger
a - Sandblast             Erth           ###...       1%          1    None
w - Passwall              Tmut/Erth      ###.......   4%          2    #......


Dungeon Overview and Level Annotations

Branches:
Dungeon (4/15)
 Temple: D:4-7

Altars:
Fedhas
Sif Muna

Annotations:
D:3 Grinder
D:4 Nattefrost's ghost, amateur GrFi


Innate Abilities, Weirdness & Mutations

Your experience applies equally to all skills.
You have very sharp teeth.
Your uncanny sense of smell can sniff out nearby items.


Message History

Unknown command.
Casting: Sandblast
Confirm with . or Enter, or press ? or * to list all spells.
Aiming: Sandblast
Press: ? - help, Shift-Dir - straight line, f - Nattefrost's ghost
Aim: Nattefrost's ghost (hasn't noticed you)
The blast of sand hits Nattefrost's ghost.
Nattefrost's ghost turns its malevolent gaze towards you.
b - 195 stones
Press: ? - help, v - describe, . - travel
Here: Nattefrost's ghost The floor.
There is a stone staircase leading up here.
Nattefrost's ghost closely misses you.
You climb upwards.
Level annotation: Grinder
There is a stone staircase leading down here.
Casting: Sandblast
Confirm with . or Enter, or press ? or * to list all spells.
Aiming: Sandblast
Press: ? - help, Shift-Dir - straight line, f - Grinder
Aim: Grinder The blast of sand misses Grinder.
b - 194 stones
Casting: Sandblast
Confirm with . or Enter, or press ? or * to list all spells.
Aiming: Sandblast
Press: ? - help, Shift-Dir - straight line, f/p - Grinder
Aim: Grinder The blast of sand hits Grinder.
Grinder is lightly wounded.
b - 193 stones Grinder closely misses you.
Casting: Sandblast
Confirm with . or Enter, or press ? or * to list all spells.
Aiming: Sandblast
Press: ? - help, Shift-Dir - straight line, f/p - Grinder
Aim: Grinder (lightly wounded)
The blast of sand hits Grinder.
Grinder is lightly wounded.
b - 192 stones Grinder blinks!
Unknown command.
Found a ration.
You see here a ration.
d - 8 rations (gained 1) Grinder blinks!
Casting: Sandblast
Confirm with . or Enter, or press ? or * to list all spells.
Aiming: Sandblast
Press: ? - help, Shift-Dir - straight line, f/p - Grinder
Aim: Grinder (lightly wounded)
The blast of sand hits Grinder.
Grinder is moderately wounded.
b - 191 stones The orc shouts!
Grinder says, "Mostly I couldn't keep them alive."
Grinder gestures at you.
You suddenly lose the ability to move!
Grinder completely misses you. Grinder hits you.
You writhe in agony.
Grinder hits you!
You writhe in agony.
* * * LOW HITPOINT WARNING * * *
Grinder hits you.
* * * LOW HITPOINT WARNING * * *
You can move again.
Unknown command.
Casting: Sandblast
Confirm with . or Enter, or press ? or * to list all spells.
Aiming: Sandblast
Press: ? - help, Shift-Dir - straight line, f/p - Grinder
Aim: Grinder (moderately wounded)
The blast of sand hits Grinder.
Grinder is heavily wounded.
b - 190 stones The orc drinks a potion.
The orc seems to speed up.
Grinder gestures at you. You resist with significant effort.
Casting: Sandblast
Confirm with . or Enter, or press ? or * to list all spells.
Aiming: Sandblast
Press: ? - help, Shift-Dir - straight line, f/p - Grinder
Aim: Grinder (heavily wounded)
The blast of sand misses Grinder.
b - 189 stones The orc hits you with a dagger.
* * * LOW HITPOINT WARNING * * *
Grinder blinks!
The orc completely misses you. The orc hits you with a dagger.
* * * LOW HITPOINT WARNING * * *
Okay, then.
Unknown command.
It was a potion of might.
You feel very mighty all of a sudden. The orc barely misses you.
As you read the scroll of fear, it crumbles to dust.
You assume a fearsome visage.
Grinder is unaffected.
The worm looks frightened!
The orc looks frightened!
Grinder hits you.
You die...

##.# #....... ##.# #...†... ##.#
#....... ##.# # #....... ##.####
###.# #....... .#....# #####....
#....... .####.# #.....# #.......
....#.# #######..5..######.######
.#..#.# #.....w.@................
....#.# #.#####....#######.#####.
....#.# #.# #o...# #.#####.
....#.# #.# #....# ##.......
......# #.# ##.########.†......
....#####5# #.......##........
..........######.......##........
....5...>w....##.......##........
..............##.......##........


You could see Grinder, a worm (fleeing) and an orc (fleeing).

Vanquished Creatures
  An orc priest (D:3)
  Robin (D:2)
  An ooze (D:1)
  A worm (D:3)
  A leopard gecko (D:1)
  2 orcs (D:3)
  2 giant cockroaches
  14 goblins
  6 hobgoblins
  2 quokkas
  4 bats
  3 frilled lizards
  5 kobolds
  3 rats
46 creatures vanquished.

Notes
Turn   | Place    | Note
-------+----------+-------------------------------------------
     0 | D:1      | tidbits the Gnoll Earth Elementalist began the quest for the Orb.
     0 | D:1      | Reached XP level 1. HP: 13/13 MP: 6/6
    66 | D:1      | Reached skill level 2 in Transmutations
    75 | D:1      | Reached XP level 2. HP: 19/19 MP: 1/7
   151 | D:2      | Noticed Robin
   181 | D:1      | Learned a level 2 spell: Passwall
   256 | D:2      | Found a blossoming altar of Fedhas.
   268 | D:2      | Reached XP level 3. HP: 25/25 MP: 7/9
   349 | D:2      | Reached skill level 5 in Spellcasting
   454 | D:2      | Reached skill level 1 in Invocations
   462 | D:2      | Killed Robin
   462 | D:2      | Reached skill level 1 in Fighting
   462 | D:2      | Reached skill level 1 in Short Blades
   462 | D:2      | Reached skill level 1 in Long Blades
   462 | D:2      | Reached skill level 1 in Axes
   462 | D:2      | Reached skill level 1 in Maces & Flails
   462 | D:2      | Reached skill level 1 in Polearms
   462 | D:2      | Reached skill level 1 in Staves
   462 | D:2      | Reached skill level 1 in Slings
   462 | D:2      | Reached skill level 1 in Bows
   462 | D:2      | Reached skill level 1 in Crossbows
   462 | D:2      | Reached skill level 1 in Throwing
   462 | D:2      | Reached skill level 1 in Armour
   462 | D:2      | Reached skill level 1 in Shields
   462 | D:2      | Reached skill level 1 in Unarmed Combat
   462 | D:2      | Reached skill level 1 in Evocations
   482 | D:2      | Reached XP level 4. HP: 23/32 MP: 2/11
   569 | D:3      | Found a deep blue altar of Sif Muna.
   643 | D:3      | Noticed Grinder
   644 | D:3      | Reached skill level 1 in Conjurations
   644 | D:3      | Reached skill level 1 in Hexes
   644 | D:3      | Reached skill level 1 in Charms
   644 | D:3      | Reached skill level 1 in Summonings
   644 | D:3      | Reached skill level 1 in Necromancy
   644 | D:3      | Reached skill level 1 in Translocations
   644 | D:3      | Reached skill level 1 in Fire Magic
   644 | D:3      | Reached skill level 1 in Ice Magic
   644 | D:3      | Reached skill level 1 in Air Magic
   644 | D:3      | Reached skill level 1 in Poison Magic
   829 | D:4      | Noticed Nattefrost's ghost (amateur GrFi)
   854 | D:3      | Paralysed by Grinder for 6 turns
   862 | D:3      | HP: 2/32 [orc/dagger (5)]
   864 | D:3      | Slain by Grinder

Vault maps used:
D:1:      minmay_arrival_split_and_join
D:2:      lemuel_zombie_altar_yredelemnul, fedhas_altar_2, first_ration,
          st_stairs_11, makhleb_blood_cavern_becter, uniq_robin
D:3:      lemuel_crystal_altar, uniq_sigmund, uniq_grinder
D:4:      minmay_opposing_rooms, serial_shops, shop, uniq_natasha

Skill      XL: |  1  2  3  4 |
---------------+-------------+-----
Transmutations | 2 |  2.3
Spellcasting   | 5 |  5.1
Invocations    | 1 |  1.3
Fighting       | 1 |  1.2
Short Blades   | 1 |  1.2
Long Blades    | 1 |  1.2
Axes           | 1 |  1.2
Maces & Flails | 1 |  1.2
Polearms       | 1 |  1.2
Staves         | 1 |  1.2
Slings         | 1 |  1.2
Bows           | 1 |  1.2
Crossbows      | 1 |  1.2
Throwing       | 1 |  1.2
Armour         | 1 |  1.2
Shields        | 1 |  1.2
Unarmed Combat | 1 |  1.2
Evocations     | 1 |  1.2
Conjurations   | 1 |  1.0
Hexes          | 1 |  1.0
Charms         | 1 |  1.0
Summonings     | 1 |  1.0
Necromancy     | 1 |  1.0
Translocations | 1 |  1.0
Fire Magic     | 1 |  1.0
Ice Magic      | 1 |  1.0
Air Magic      | 1 |  1.0
Poison Magic   | 1 |  1.0
Dodging        | |  4.7
Stealth        | |  4.3
Earth Magic    | |  5.5

Action                   |  1- 3 |  4- 6 || total
-------------------------+-------+-------++-------
Melee: Dagger            |     6 |       ||     6
 Cast: Sandblast         |    35 |    25 ||    60
       Passwall          |       |     2 ||     2
  Use: Scroll            |       |     4 ||     4
       Potion            |       |     2 ||     2
 Stab: Sleeping          |     1 |       ||     1
Dodge: Dodged            |    11 |    10 ||    21

Table legend:
 A = Spawn XP
 B = Non-spawn XP
 C = Spawn XP percentage of total XP
 D = Spawn monster count
 E = Non-spawn monster count
 F = Spawn count percentage of total count
 G = Total turns spent on level
                    A         B        C        D         E        F      G
               +---------+---------+-------+---------+---------+-------+---------
         Total |       0 |     147 |   0.0 |       0 |      46 |   0.0 |   864
               +---------+---------+-------+---------+---------+-------+---------
           D:1 |       0 |      30 |   0.0 |       0 |      15 |   0.0 |   226
           D:2 |       0 |      52 |   0.0 |       0 |      20 |   0.0 |   300
           D:3 |       0 |      65 |   0.0 |       0 |      11 |   0.0 |   330
               +---------+---------+-------+---------+---------+-------+---------

Table legend:
 A = Turns spent in this place as a percentage of turns spent in the entire game.
 B = Non-inter-level travel turns spent in this place as a percentage of non-inter-level travel turns spent in the entire game.
 C = Inter-level travel turns spent in this place as a percentage of turns spent in this place.
 D = Turns resting spent in this place as a percentage of non-inter-level travel turns spent in this place.
 E = Turns spent auto-exploring this place as a percentage of non-inter-level travel turns spent in this place.
 F = Non-inter-level travel turns spent in this place divided by the number of levels of this place that you've seen.
                   A       B       C       D       E      F
               +-------+-------+-------+-------+-------+----------------------
         Total | 100.0 | 100.0 |   0.0 |   0.0 |   0.0 | 216.0
       Dungeon | 100.0 | 100.0 |   0.0 |   0.0 |   0.0 | 216.0
               +-------+-------+-------+-------+-------+----------------------

Table legend:
 A = Kills in this place as a percentage of kills in entire the game.
 B = Kills by you in this place as a percentage of kills by you in the entire game.
 C = Kills by friends in this place as a percentage of kills by friends in the entire game.
 D = Other kills in this place as a percentage of other kills in the entire game.
 E = Experience gained in this place as a percentage of experience gained in the entire game.
 F = Experience gained in this place divided by the number of levels of this place that you have seen.
                   A       B       C       D       E      F
               +-------+-------+-------+-------+-------+----------------------
         Total | 100.0 | 100.0 |   N/A |   N/A | 100.0 |  36.8
       Dungeon | 100.0 | 100.0 |   N/A |   N/A | 100.0 |  36.8
               +-------+-------+-------+-------+-------+----------------------

Vault maps used:
D:1:      minmay_arrival_split_and_join
D:2:      lemuel_zombie_altar_yredelemnul, fedhas_altar_2, first_ration,
          st_stairs_11, makhleb_blood_cavern_becter, uniq_robin
D:3:      lemuel_crystal_altar, uniq_sigmund, uniq_grinder
D:4:      minmay_opposing_rooms, serial_shops, shop, uniq_natasha
